 Dungeon Crawl Stone Soup version 0.29.1-15-g9cfb28693d (webtiles) character file.

Game seed: 4351398101579129360

1359 protoss039 the Digger (level 8, -3/61 HPs)
             Began as a Demonspawn Earth Elementalist on Mar 14, 2023.
             Was an Initiate of Vehumet.
             Slain by a bullfrog zombie (5 damage)
             ... in an ossuary.
             The game lasted 00:12:50 (5346 turns).

protoss039 the Digger (DsEE)                        Turns: 5346, Time: 00:12:51

Health: -3/61      AC:  9    Str:  8    XL:     8   Next: 37%
Magic:  0/15       EV: 12    Int: 19    God:    Vehumet [......]
Gold:   185        SH:  0    Dex: 14    Spells: 10/16 levels left

rFire   . . .      SeeInvis .   C - +0 war axe (elec)
rCold   . . .      Faith    .   (no shield)
rNeg    . . .      Spirit   +   F - +0 steam dragon scales
rPois   +          Reflect  .   (no helmet)
rElec   .          Harm     .   A - +0 cloak
rCorr   .          Rampage  .   (no gloves)
Will    .....                   v - +0 pair of boots
Stlth   ++........              t - amulet of guardian spirit
HPRegen 0.20/turn               l - ring of wizardry
MPRegen 0.14/turn               p - ring of poison resistance

@: no status effects
A: hooves 1, slimy green scales 1, powered by death 2
a: Renounce Religion


You were in an ossuary.
You worshipped Vehumet.
Vehumet was noncommittal.
You visited 2 branches of the dungeon, and saw 7 of its levels.
You also visited: Ossuary.

You collected 254 gold pieces.
You spent 69 gold pieces at shops.

Inventory:

Hand Weapons
 y - a +0 dagger of venom
 C - a +0 war axe of electrocution (weapon)
 G - the +5 trident of the Charming Gods {drain, rN+ SInv}
   (You found it on level 6 of the Dungeon)

   A truly terrible weapon, it drains the life of any living foe it strikes.
   rN:        It protects you from negative energy.
   SInv:      It lets you see invisible.
Armour
 a - a +2 ring mail of willpower
 s - a +2 robe of fire resistance
 v - a +0 pair of boots (worn)
 A - a +0 cloak (worn)
 D - a +0 leather armour of fire resistance
 F - +0 steam dragon scales (worn)
Jewellery
 l - a ring of wizardry (left hand)
 p - a ring of poison resistance (right hand)
 t - an amulet of guardian spirit (around neck)
Wands
 k - a wand of roots (22)
 x - a wand of flame (6)
 B - a wand of digging (8)
Scrolls
 e - a scroll of brand weapon
 f - a scroll of silence {unknown}
 h - a scroll of identify
 j - 5 scrolls of teleportation
 o - a scroll of enchant weapon {unknown}
 r - 2 scrolls of enchant armour
 u - a scroll of blinking {unknown}
 w - a scroll of magic mapping {unknown}
 z - a scroll of summoning {unknown}
 E - a scroll of fear {unknown}
 H - a scroll of amnesia {unknown}
Potions
 b - a potion of magic
 c - a potion of degeneration {unknown}
 d - 2 potions of curing
 g - 3 potions of attraction
 i - 4 potions of mutation
 m - 2 potions of flight
 n - a potion of heal wounds {unknown}
 q - a potion of resistance {unknown}
 I - a potion of haste {unknown}


   Skills:
 + Level 4.8 Fighting
 - Level 3.0 Armour
 - Level 1.7 Dodging
 - Level 1.7 Stealth
 + Level 4.8 Spellcasting
 + Level 4.1 Conjurations
 - Level 0.8 Transmutations
 + Level 5.2 Earth Magic


You had 10 spell levels left.
You knew the following spells:

 Your Spells              Type           Power      Damage    Failure   Level
a - Sandblast             Erth           48%        2d12      1%          1
b - Passwall              Tmut/Erth      13%        N/A       2%          2
c - Stone Arrow           Conj/Erth      44%        3d9       2%          3

Your spell library contained the following spells:

 Spells                   Type           Power      Damage    Failure   Level
 Conjure Flame            Conj/Fire      12%        6-21      6%          3
 Ignite Poison            Fire/Tmut/Pois 5%         N/A       13%         3
 Petrify                  Tmut/Erth      16%        N/A       14%         4
 Confusing Touch          Hex            4%         N/A       16%         3
 Sticky Flame             Conj/Fire      12%        2d4       21%         4
 Summon Lightning Spire   Summ/Air       4%         N/A       43%         4
 Yara's Violent Unravell  Hex/Tmut       3%         3d4       71%         5
 Enfeeble                 Hex            2%         N/A       100%        7
 Storm Form               Tmut/Air       3%         N/A       100%        7
 Maxwell's Capacitive Co  Air            2%         ∞         100%        8


Dungeon Overview and Level Annotations

Branches:
Dungeon (6/15) Zot: 26733  Temple (1/1) D:6 Zot: 5929 Ossuary (1/1) Zot: 5808

Altars:
Ashenzari
Cheibriados
Dithmenos
Fedhas
Gozag
Hepliaklqana
Makhleb
Nemelex Xobeh
Okawaru
Qazlal
Ru
Sif Muna
Vehumet
Wu Jian
Xom
Yredelemnul

Shops:
D:1 (=![*   D:4 ?

Annotations:
D:4 2 runed translucent doors


Innate Abilities, Weirdness & Mutations

You have large cloven feet.
You are partially covered in slimy green scales. (AC +2)
You regenerate health from kills.


Message History

Unknown command.
The water moccasin zombie attacks as you move away!
The water moccasin zombie bites you but does no damage.
The wyvern zombie attacks as you move away!
The wyvern zombie bites you but does no damage.
Found a scroll of teleportation.
The water moccasin zombie closely misses you.
Unknown command.
Okay, then.
Okay, then.
Reach: G) +5 trident of the Charming Gods {drain, rN+ SInv}
Press: ? - help, Dir - move target, f - wyvern zombie
Aim: a wyvern zombie (about 19% to evade the +5 trident of the Charming Gods)
Okay, then.
Okay, then.
You hear the crackle of electricity.
C - a +0 war axe of electrocution (weapon)
The wyvern zombie bites you!
* * * LOW HITPOINT WARNING * * *
You closely miss the water moccasin zombie.
You punch the water moccasin zombie.
The water moccasin zombie is moderately damaged.
You hit the wyvern zombie.
The water moccasin zombie bites you but does no damage.
The wyvern zombie bites you.
* * * LOW HITPOINT WARNING * * *
The water moccasin zombie misses you. The bullfrog zombie misses you.
You hit the water moccasin zombie.
The water moccasin zombie is moderately damaged.
You hit the bullfrog zombie. You barely miss the wyvern zombie.
The wyvern zombie barely misses you.
The water moccasin zombie bites you but does no damage.
The bullfrog zombie hits you.
* * * LOW HITPOINT WARNING * * *
The wyvern zombie bites you.
* * * LOW HITPOINT WARNING * * *
The water moccasin zombie bites you.
* * * LOW HITPOINT WARNING * * *
The bullfrog zombie hits you.
You die...

##### #∩..# #
###.∩.# #?
#.#...#
#.##~##~##~##.#
+~~~~.~~Z.~~..+
~~.#.~@Z.~~#'#
#.~.ZP~P#
~≈~≈~~~~###
###≈###≈## #≈
### ≈ #


You could see a water moccasin zombie, a bullfrog zombie and a wyvern zombie.

Vanquished Creatures
  A steam dragon (D:6)
  2 black bears
  A phantom (D:4)
  A bullfrog (D:6)
  2 scorpions (D:4)
  2 necrophages (D:5)
  2 howler monkeys (D:5)
  A centaur zombie (Ossuary)
  A hound (D:5)
  2 orc priests (D:5)
  An iguana (D:4)
  4 orc wizards (D:5)
  7 mummies
  A howler monkey zombie (Ossuary)
  8 adders
  A shadow imp (D:5)
  An ufetubus (D:4)
  3 dart slugs (D:3)
  15 orcs
  6 endoplasms
  4 giant cockroaches
  6 hobgoblins
  4 jackals (D:1)
  8 kobolds
  2 quokkas
  8 ball pythons
  7 bats
  4 frilled lizards (D:1)
  3 goblins
  A goblin zombie (D:6)
  A kobold zombie (D:6)
  6 rats
116 creatures vanquished.

Vanquished Creatures (others)
  5 withered plants (Ossuary)
5 creatures vanquished.

Grand Total: 121 creatures vanquished

Notes
Turn   | Place    | Note
-------+----------+-------------------------------------------
     0 | D:1      | protoss039 the Demonspawn Earth Elementalist began the
                  | quest for the Orb.
     0 | D:1      | Reached XP level 1. HP: 13/13 MP: 3/3
     5 | D:1      | Noticed an anaconda
     8 | D:1      | Noticed an elephant
    75 | D:1      | Found Nozufekhler's Antique Armour Shoppe.
   426 | D:1      | Found Anurr's Antique Weapon Shoppe.
   497 | D:1      | Gained mutation: You regenerate a little health from kills.
                  | [demonic ancestry]
   497 | D:1      | Reached XP level 2. HP: 20/20 MP: 5/5
   683 | D:1      | Found Veos's Distillery.
   690 | D:1      | Reached skill level 1 in Fighting
   690 | D:1      | Reached skill level 3 in Earth Magic
   742 | D:1      | Bought a potion of curing for 33 gold pieces
   744 | D:1      | Found Xodgho's General Store.
   887 | D:1      | Found Bud Ohuk's Jewellery Emporium.
   923 | D:1      | Reached XP level 3. HP: 26/26 MP: 3/6
  1369 | D:1      | Learned a level 2 spell: Passwall
  1424 | D:2      | Found a faded altar of an unknown god.
  1531 | D:2      | Found an opulent altar of Gozag.
  1943 | D:2      | Learned a level 3 spell: Stone Arrow
  1953 | D:3      | Reached XP level 4. HP: 30/33 MP: 2/8
  2391 | D:3      | Reached skill level 1 in Armour
  3201 | D:4      | Noticed a phantom
  3208 | D:4      | Killed a phantom
  3209 | D:4      | Reached skill level 1 in Conjurations
  3209 | D:4      | Gained mutation: You are partially covered in slimy green
                  | scales. (AC +2) [demonic ancestry]
  3209 | D:4      | Reached XP level 5. HP: 23/39 MP: 2/9
  3464 | D:4      | Found a large runed translucent door.
  3468 | D:4      | Found a large runed translucent door.
  3516 | D:4      | Found Plog's Magic Scroll Shoppe.
  3524 | D:4      | Bought a scroll of teleportation for 36 gold pieces
  3562 | D:5      | Entered Level 5 of the Dungeon
  3583 | D:5      | Noticed a black bear
  3601 | D:5      | Reached XP level 6. HP: 40/46 MP: 0/10
  3884 | D:4      | Reached skill level 4 in Earth Magic
  3938 | D:5      | Gained mutation: You regenerate health from kills. [demonic
                  | ancestry]
  3938 | D:5      | Reached XP level 7. HP: 37/52 MP: 4/12
  4477 | D:5      | Found an opulent altar of Gozag.
  4477 | D:5      | Found an iron altar of Okawaru.
  4861 | D:6      | Gained mutation: You have large cloven feet. [demonic
                  | ancestry]
  4861 | D:6      | Reached XP level 8. HP: 29/60 MP: 1/14
  4984 | D:6      | Reached skill level 5 in Earth Magic
  5039 | D:6      | Found a staircase to the Ecumenical Temple.
  5040 | D:6      | Identified the +5 trident of the Charming Gods {drain, rN+
                  | SInv}
  5050 | Temple   | Entered the Ecumenical Temple
  5106 | Temple   | Became a worshipper of Vehumet
  5162 | D:6      | Found a sand-covered staircase.
  5169 | Ossuary  | Entered an ossuary
  5346 | Ossuary  | HP: 2/61 [water moccasin zombie (2)]
  5346 | Ossuary  | Slain by a bullfrog zombie

Illustrated notes

Levels and vault maps discovered:
D:1:      sevenhm_arrival_forest_fort_small_2, layout_loops_ring, serial_shops,
          nicolae_square_shop, nicolae_shop_stone, nicolae_square_shop,
          nicolae_square_shop, shop_fountains, minmay_misc_feat_nine_boxes,
          minmay_split_cup_small
D:2:      layout_rooms, hellmonk_ecumenical_altar_run_dry, basic_altar,
          minmay_misc_feat_pillars
D:3:      layout_basic
D:4:      layout_basic, jmf_multi_god_temple2, serial_shops, shop_statue
D:5:      layout_loops_ring, gammafunk_temple_overflow_pools
D:6:      layout_rooms, minmay_temple_entry_arrows, nicolae_ossuary_entry_giza
Temple:   nicolae_temple_bog_church
Ossuary:  ossuary_zaba_flooded

Skill      XL: |  1  2  3  4  5  6  7  8 |
---------------+-------------------------+-----
Fighting       | 1 2 3 4 |  4.8
Earth Magic    | 3 4 5 |  5.2
Armour         | 1 2 3 |  3.0
Spellcasting   | 3 4 |  4.8
Conjurations   | 1 2 3 4 |  4.1
Dodging        | |  1.7
Stealth        | |  1.7
Transmutations | |  0.8

Action                   |  1- 3 |  4- 6 |  7- 9 || total
-------------------------+-------+-------+-------++-------
Melee: Short sword       |    61 |    23 |     3 ||    87
       Dagger            |       |       |    71 ||    71
       Trident           |       |       |    42 ||    42
       War axe           |       |       |     2 ||     2
       Punch             |       |       |     1 ||     1
 Cast: Sandblast         |    59 |    76 |    44 ||   179
       Stone Arrow       |       |       |    12 ||    12
  Use: Scroll            |       |     6 |     1 ||     7
       Potion            |       |       |     1 ||     1
 Stab: Sleeping          |     2 |       |       ||     2
Armor: Robe              |    31 |       |       ||    31
       Ring mail         |     2 |    55 |    94 ||   151
       Steam dragon scal |       |       |    30 ||    30
Dodge: Dodged            |    88 |    76 |   127 ||   291
